 Dungeon Sprint DCSS version 0.18.1-48-g4cf74bf (webtiles) character file.

84 IcyTea the Ruffian (level 4, 0/35 HPs)
             Began as a Draconian Transmuter on Sept 3, 2016.
             Killed from afar by an oklob sapling priest (10 damage)
             ... with a splash of acid
             ... in the Dungeon (Sprint IV: "Fedhas' Mad Dash").
             The game lasted 00:01:52 (196 turns).

IcyTea the Ruffian (Draconian Transmuter)            Turns: 196, Time: 00:01:54

Health: 0/35       AC:  8    Str: 12    XL:     4   Next: 23%
Magic:  3/7        EV: 12    Int: 15    God:
Gold:   62         SH:  0    Dex: 11    Spells: 2 memorised, 4 levels left

rFire  . . .     SeeInvis .       - Unarmed
rCold  . . .     Gourm    .     (armour unavailable)
rNeg   . . .     Faith    .     (no shield)
rPois  .         Spirit   .     (helmet restricted)
rElec  .         Dismiss  .     l - +2 cloak {+Inv}
rCorr  .         Reflect  .     (no gloves)
SustAt .         Harm     .     (no boots)
MR     .....     NoTele   +     (no amulet)
Stlth  +.........               (no ring)
                                (no ring)

@: appendage, very slightly contaminated, not resistant to hostile enchantments,
very unstealthy
A: unfitting armour, horns 2, cold-blooded, AC +5
a: End Transformation, Evoke Invisibility


You were in the Dungeon.
You were not hungry.
You had grown temporary horns.
You visited 1 branch You collected 62 gold pieces.

Inventory:

Missiles
 a - 10 arrows
Armour
 l - a +2 cloak of invisibility (worn)
Scrolls
 i - a scroll of blinking
 j - a scroll of recharging {unknown}
Potions
 d - a potion of curing
 e - a potion of heal wounds
 f - a potion of haste
 g - 2 potions of magic
 h - a potion of berserk rage
 k - a potion of agility {unknown}
Books
 b - a book of Changes

   Spells                             Type                      Level
   a - Beastly Appendage              Transmutation                1
   b - Sticks to Snakes               Transmutation                2
   c - Spider Form                    Transmutation/Poison         3
   d - Ice Form                       Ice/Transmutation            4
   e - Blade Hands                    Transmutation                5
Comestibles
 c - a bread ration


   Skills:
 - Level 1.1 Fighting
 - Level 1.7 Dodging
 - Level 7.0 Unarmed Combat
 - Level 2.0 Spellcasting
 + Level 5.7 Transmutations


You had 4 spell levels left.
You knew the following spells:

 Your Spells              Type           Power        Failure   Level  Hunger
a - Beastly Appendage     Trmt           ###...       1%          1    #......
b - Sticks to Snakes      Trmt           ###.....     3%          2    ###....


Dungeon Overview and Level Annotations

Branches:
Dungeon (1/1)

Altars:
Cheibriados
Dithmenos
Elyvilon
Gozag
Kikubaaqudgha
Makhleb
Nemelex Xobeh
Okawaru
Pakellas
Qazlal
Ru
Sif Muna
Trog
Vehumet
Xom
Yredelemnul
Zin
The Shining One
Beogh
Jiyva
Lugonu

Annotations:
D exclusion: oklob sapling


Innate Abilities, Weirdness & Mutations

Your plain brown scales are hard (AC +5).
Your body does not fit into most forms of armour.
You are cold-blooded and may be slowed by cold attacks.
You have a pair of horns on your head.


Message History

Your ball python bites the oklob sapling priest but does no damage.
Your ball python constricts the oklob sapling priest.
You hit the oklob sapling priest but do no damage.
The oklob sapling priest is moderately damaged.
The oklob sapling priest spits acid at you.
The splash of acid misses you.
Your ball python bites the oklob sapling priest but does no damage.
Your ball python constricts the oklob sapling priest.
You hit the oklob sapling priest.
The oklob sapling priest is moderately damaged.
Your ball python bites the oklob sapling priest.
Your ball python constricts the oklob sapling priest.
You hit the oklob sapling priest but do no damage.
The oklob sapling priest is moderately damaged.
You flicker back into view.
Your ball python completely misses the oklob sapling priest.
Your ball python constricts the oklob sapling priest.
The oklob sapling priest spits acid at you.
The splash of acid hits you!
You die...

########################
...#.....#.⌠...._....⌠.#
...'.#[..'._._._._._._.+
...#.#...#_._.SP_._._._#
#######'##._._._@_._._.#
+...#.⌠...._....⌠.#
#...###############
#####


You could see an oklob sapling priest and a friendly ball python.

Vanquished Creatures
  2 oklob saplings (D)
  A worker ant (D)
  A river rat (D)
  A rat (D)
5 creatures vanquished.

Notes
Turn   | Place    | Note
--------------------------------------------------------------
     0 | D        | IcyTea the Draconian Transmuter began the quest for the Orb.
     0 | D        | Reached XP level 1. HP: 16/16 MP: 3/3
    16 | D        | Reached skill level 5 in Unarmed Combat
    16 | D        | Reached XP level 2. HP: 21/23 MP: 3/5
    45 | D        | Noticed an oklob sapling
    51 | D        | Learned a level 2 spell: Sticks to Snakes
    54 | D        | Killed an oklob sapling
    54 | D        | Reached skill level 7 in Unarmed Combat
    54 | D        | Reached XP level 3. HP: 28/28 MP: 2/6
   146 | D        | Noticed an oklob sapling
   150 | D        | Killed an oklob sapling
   150 | D        | Reached skill level 5 in Transmutations
   150 | D        | Reached XP level 4. HP: 35/35 MP: 4/7
   179 | D        | Found a snail-covered altar of Cheibriados.
   179 | D        | Found a glowing silver altar of Zin.
   179 | D        | Found a white marble altar of Elyvilon.
   179 | D        | Found a viscous altar of Jiyva.
   179 | D        | Found a radiant altar of Vehumet.
   179 | D        | Found a deep blue altar of Sif Muna.
   179 | D        | Found an ancient bone altar of Kikubaaqudgha.
   179 | D        | Found a bloodstained altar of Trog.
   179 | D        | Found a corrupted altar of Lugonu.
   180 | D        | Found a burning altar of Makhleb.
   180 | D        | Found an oddly glowing altar of Pakellas.
   180 | D        | Found a sacrificial altar of Ru.
   181 | D        | Found a sparkling altar of Nemelex Xobeh.
   181 | D        | Found a glowing golden altar of the Shining One.
   182 | D        | Found a shadowy altar of Dithmenos.
   185 | D        | Found a shimmering altar of Xom.
   185 | D        | Found an iron altar of Okawaru.
   186 | D        | Found an opulent altar of Gozag.
   187 | D        | Found a roughly hewn altar of Beogh.
   187 | D        | Found a basalt altar of Yredelemnul.
   190 | D        | Found a stormy altar of Qazlal.
   196 | D        | Killed from afar by an oklob sapling priest

Skill      XL: |  1  2  3 |
---------------+----------+-----
Unarmed Combat | 5 7 |  7.0
Transmutations | 5 |  5.7
Fighting       | |  1.1
Dodging        | |  1.7
Spellcasting   | |  2.0

Action                   |  1- 3 |  4- 6 || total
-------------------------+-------+-------++-------
Melee: Unarmed           |    19 |     7 ||    26
       Kick              |     2 |       ||     2
       Tailslap          |     2 |       ||     2
       Punch             |     1 |       ||     1
       Headbutt          |       |     3 ||     3
 Cast: Beastly Appendage |     2 |     1 ||     3
       Sticks to Snakes  |     1 |     1 ||     2
 Abil: Evoke Invisibilit |     1 |     1 ||     2
Armor: Skin              |     1 |       ||     1
Dodge: Dodged            |     9 |     1 ||    10
